 Dungeon Crawl Stone Soup version 0.23.2-11-gf996548c65 (webtiles) character file.

Game seed: 8764567757087308155

216 kudosu the Cudgeler (level 5, -1/53 HPs)
             Began as a Troll Berserker on June 6, 2019.
             Was a Believer of Trog.
             Slain by Duvessa
             ... wielding a +0 rapier
              (13 damage)
             ... on level 4 of the Dungeon.
             The game lasted 00:25:08 (3012 turns).

kudosu the Cudgeler (Troll Berserker)               Turns: 3012, Time: 00:25:08

Health: -1/53      AC:  6    Str: 25    XL:     5   Next: 61%
Magic:  4/4        EV: 10    Int:  3    God:    Trog [**....]
Gold:   169        SH:  0    Dex: 10    Spells: 4/4 levels left

rFire    . . .     SeeInvis .   a - +0 mace
rCold    . . .     Gourm    +   (no shield)
rNeg     . . .     Faith    .   b - +0 animal skin
rPois    .         Spirit   .   (helmet restricted)
rElec    .         Reflect  .   (no cloak)
rCorr    .         Harm     .   (gloves unavailable)
MR       .....                  (boots unavailable)
Stlth    +.........             (no amulet)
HPRegen  0.57/turn              (no ring)
MPRegen  0.09/turn              (no ring)

@: no status effects
A: large, unfitting armour, claws 3, fast metabolism 3, gourmand, regeneration
1, shaggy fur 1, tough skin 3
a: Berserk, Trog's Hand, Renounce Religion


You were on level 4 of the Dungeon.
You worshipped Trog.
Trog was pleased with you.
You were not hungry.

You visited 1 branch of the dungeon, and saw 4 of its levels.

You collected 169 gold pieces.

Inventory:

Hand Weapons
 a - a +0 mace (weapon)
 t - a +1 flail of protection
Missiles
 o - 142 stones (quivered)
Armour
 b - a +0 animal skin (worn)
Scrolls
 g - 3 scrolls of identify
 h - a scroll of noise {unknown}
 m - a scroll of remove curse {unknown}
 n - a scroll of fog {unknown}
 p - 2 scrolls of immolation {unknown}
 r - a scroll of enchant weapon
Potions
 d - 2 potions of curing {unknown}
 e - a potion of lignification {unknown}
 f - 2 potions of resistance {unknown}
 i - a potion of mutation {unknown}
 j - a potion of berserk rage {unknown}
 k - a potion of degeneration {unknown}
 l - a potion of flight {unknown}
 q - a potion of might {unknown}
 s - a potion of ambrosia {unknown}
Comestibles
 c - 6 rations


   Skills:
 + Level 3.1 Fighting
 + Level 4.6 Maces & Flails
 + Level 0.2 Throwing
 + Level 3.2 Dodging
 + Level 0.4 Stealth


You had 4 spell levels left.
You didn't know any spells.
Your spell library was empty.

Dungeon Overview and Level Annotations

Branches:
Dungeon (4/15)
 Temple: D:4-7

Altars:
Dithmenos
Elyvilon
Kikubaaqudgha

Annotations:
D:4 Duvessa


Innate Abilities, Weirdness & Mutations

You are too large for most types of armour.
You have claws for hands.
Your metabolism is lightning-fast.
You like to eat raw meat.
Your natural rate of healing is unusually fast.
You are covered in fur. (AC +1)
You have extremely tough skin. (AC +3)


Message History

You feel sick.
You start resting.
You feel sick. x6
You hear the slow rusting of a very distant drain.
You start resting.
You feel sick. x7
You are no longer poisoned.
You start resting.
HP restored.
There is a stone staircase leading up here.
You hear the slow rusting of a distant drain.
Duvessa, Sister of Dowan comes into view.
She is wielding a +0 rapier.
Duvessa goes berserk!
Duvessa hits you with a +0 rapier!!
You hit Duvessa but do no damage. Duvessa hits you with a +0 rapier!
Duvessa hits you with a +0 rapier!
* * * LOW HITPOINT WARNING * * *
As you read the scroll labeled MIACAR KAPSUCW, it crumbles to dust.
It is a scroll of identify.
r - a scroll of enchant weapon Duvessa hits you with a +0 rapier!
You die...

#######+# #..@e.#.#
#.###.#.## #.#
#....# #.###....##
#.........#
##...#...##
###.##.....#..######
....................
###.##.....#.#######


You could see Duvessa (berserk).

Vanquished Creatures
  Dowan (D:4)
  A centaur skeleton (D:4)
  5 adders
  2 oozes
  2 worms (D:2)
  2 dart slugs
  2 leopard geckos
  5 orcs (D:3)
  8 bats
  A bat zombie (D:3)
  3 giant cockroaches
  4 goblins
  8 hobgoblins
  7 jackals
  2 ball pythons (D:1)
  2 frilled lizards (D:1)
  9 kobolds
  7 rats
  A rat zombie (D:3)
72 creatures vanquished.

Notes
Turn   | Place    | Note
-------+----------+-------------------------------------------
     0 | D:1      | kudosu the Troll Berserker began the quest for the Orb.
     0 | D:1      | Reached XP level 1. HP: 22/22 MP: 0/0
   162 | D:1      | Reached XP level 2. HP: 27/29 MP: 1/1
   198 | D:1      | Reached skill level 3 in Maces & Flails
   338 | D:1      | Reached ** piety under Trog
   428 | D:1      | Reached XP level 3. HP: 36/36 MP: 2/2
   887 | D:2      | Found a white marble altar of Elyvilon.
  1132 | D:2      | Reached XP level 4. HP: 44/44 MP: 3/3
  1364 | D:2      | Found a shadowy altar of Dithmenos.
  1738 | D:3      | Reached skill level 4 in Maces & Flails
  2584 | D:3      | Reached XP level 5. HP: 43/52 MP: 4/4
  2742 | D:3      | Found an ancient bone altar of Kikubaaqudgha.
  2913 | D:4      | Noticed Dowan
  2930 | D:4      | Killed Dowan
  3005 | D:4      | Noticed Duvessa
  3012 | D:4      | Slain by Duvessa

Skill      XL: |  1  2  3  4  5 |
---------------+----------------+-----
Maces & Flails | 3 4 |  4.6
Dodging        | 3 |  3.2
Fighting       | 3 |  3.1
Throwing       | |  0.2
Stealth        | |  0.4

Action                   |  1- 3 |  4- 6 || total
-------------------------+-------+-------++-------
Melee: Mace              |   141 |   118 ||   259
Throw: Stone             |    10 |     3 ||    13
  Use: Scroll            |       |     1 ||     1
 Stab: Distracted        |     1 |       ||     1
       Sleeping          |       |     1 ||     1
  Eat: Chunk             |    12 |     8 ||    20
       Ration            |       |     2 ||     2
Armor: Animal skin       |    58 |    47 ||   105
Dodge: Dodged            |    87 |    71 ||   158
